 Dungeon Crawl Stone Soup version 0.31-a0-188-g5e087ee2ca (webtiles) character file.

Game seed: 16054590404880867202

35 qw the Shooter (level 3, 0/20 HPs)
             Began as a Deep Elf Hunter on June 23, 2023.
             Slain by a phantom (5 damage)
             ... on level 2 of the Dungeon.
             The game lasted 00:00:18 (706 turns).

qw the Shooter (Deep Elf Hunter)                     Turns: 706, Time: 00:00:18

Health: 0/20       AC:  3    Str:  9 (10) XL:     3   Next: 16%
Magic:  5/5        EV: 12    Int: 12 (13) God:
Gold:   97         SH:  0    Dex: 15 (18) Spells: 2/2 levels left

rFire   . . .        Y - +0 shortbow
rCold   . . .        (shield currently unavailable)
rNeg    . . .        c - +0 leather armour
rPois   .            (no helmet)
rElec   .            (no cloak)
rCorr   +            (no gloves)
SInv    .            (no boots)
Will    .....        (no amulet)
Stlth   ++           i - ring of resist corrosion
HPRegen 0.23/turn    (no ring)
MPRegen 0.09/turn

%: no passive effects
@: about to teleport
A: no striking features
a: no special abilities


You were on level 2 of the Dungeon.
You visited 1 branch of the dungeon, and saw 2 of its levels.

You collected 97 gold pieces.


   Skills:
 - Level 1.5 Fighting
 + Level 6.7 Ranged Weapons
 - Level 2.4 Dodging
 - Level 1.2 Stealth


You had 2 spell levels left.
You didn't know any spells.
Your spell library was empty.

Inventory:

Hand Weapons
 Y - a +0 shortbow (weapon)
Armour
 c - a +0 leather armour (worn)
 f - a +0 ring mail
Jewellery
 b - a ring of positive energy
 e - an amulet of magic regeneration
 i - a ring of resist corrosion (left hand)
Scrolls
 a - a scroll of identify {unknown}
Potions
 d - a potion of enlightenment {unknown}
 j - a potion of resistance {unknown}

Dungeon Overview and Level Annotations

Branches:
Dungeon (2/15)

Altars:


Message History

The arrow hits the hobgoblin!
You kill the hobgoblin!
f - a +0 ring mail You now have 97 gold pieces (gained 4).
Things that are here:
9 stones; a hobgoblin corpse A phantom comes into view.
Enter note:
Enter note: You shoot an arrow.
The arrow hits the phantom.
The phantom is moderately damaged.
You shoot an arrow. The arrow closely misses the phantom.
Enter note:
Enter note: You shoot an arrow.
The arrow hits the phantom but does no damage.
The phantom is lightly damaged.
The phantom hits you!
The phantom blinks!
You blink.
Enter note:
Enter note:
Enter note:
Enter note: You shoot an arrow.
The arrow closely misses the phantom.
The phantom hits you.
You shoot an arrow. The arrow closely misses the phantom.
The phantom completely misses you.
You shoot an arrow. The arrow barely misses the phantom.
The phantom hits you!
The phantom blinks!
You blink.
Found a scroll labelled VEAZOPHAREUQ.
Enter note:
Enter note:
Enter note:
Enter note:
705 ||| READING scroll of teleportation.
As you read the scroll of teleportation, it crumbles to dust.
You feel strangely unstable.
The phantom hits you but does no damage.
You shoot an arrow. The arrow barely misses the phantom.
The phantom hits you.
You die...

.. .##..# .##..
.##..## ..... ..#...
.....###.###¤######
.......#..........###
....................#
#....¤.#######(..#.#
#....W...# #...#.#
#...@###.# #...#.#
####......?#...#.#
#.#...#.#...#.#
#.#...# #...#.####
#.# ..# #........#
#.# ..# #.#.#.##.#
..# .# #...#.# # #
### .# #####.# .#
#### #.# #


You could see a phantom.

Vanquished Creatures
  2 bats
  4 endoplasms (D:1)
  A giant cockroach (D:1)
  5 hobgoblins
  4 jackals (D:1)
  2 quokkas (D:1)
  A ball python (D:1)
  2 frilled lizards (D:1)
  3 goblins
  3 kobolds
  3 rats
30 creatures vanquished.

Notes
Turn   | Place    | Note
-------+----------+-------------------------------------------
     0 | D:1      | qw the Deep Elf Hunter began the quest for the Orb.
     0 | D:1      | Reached XP level 1. HP: 12/12 MP: 3/3
     0 | D:1      | 0 ||| qw: Version: 0.3-a-9-g12657ce
     0 | D:1      | 0 ||| qw: Game counter: 3405
     0 | D:1      | 0 ||| qw: Always use a shield: true
     0 | D:1      | 0 ||| qw: God list: Okawaru
     0 | D:1      | 0 ||| qw: Allow faded altars: false
     0 | D:1      | 0 ||| qw: Do Orc after D:15 true
     0 | D:1      | 0 ||| qw: Do second Lair branch before Depths: true
     0 | D:1      | 0 ||| qw: Lair rune preference: random
     0 | D:1      | 0 ||| qw: Plans: Normal
     0 | D:1      | 0 ||| PLANNING D:1-11
   143 | D:1      | Reached XP level 2. HP: 10/16 MP: 4/4
   148 | D:1      | Reached skill level 6 in Ranged Weapons
   158 | D:1      | HP: 3/16 [ball python (2)]
   453 | D:1      | Reached XP level 3. HP: 20/20 MP: 5/5
   529 | D:1      | 529 ||| UPGRADING to ring of resist corrosion.
   530 | D:1      | 530 ||| READING scroll labelled GYLURHER WAEN.
   531 | D:1      | 531 ||| READING 2 scrolls labelled KEANIM RION.
   536 | D:1      | 536 ||| READING scroll labelled YTOGADGH XOYBRO.
   537 | D:1      | 537 ||| DRINKING 3 lumpy clear potions.
   538 | D:1      | 538 ||| DROPPING scroll of butterflies.
   539 | D:1      | 539 ||| DROPPING 2 potions of degeneration.
   697 | D:2      | Noticed a phantom
   704 | D:2      | HP: 5/20 [phantom (7)]
   705 | D:2      | 705 ||| READING scroll of teleportation.
   706 | D:2      | Slain by a phantom

Levels and vault maps discovered:
D:1:      dpeg_arrival_rooms_c, layout_rooms, shapermc_ecumenical_altar_petra,
          minmay_split_cup_large
D:2:      layout_basic

Skill      XL: |  1  2 |
---------------+-------+-----
Ranged Weapons | 6 |  6.7
Fighting       | |  1.5
Dodging        | |  2.4
Stealth        | |  1.2

Action                     || total
---------------------------++-------
   Fire: Shortbow          ||    65
    Use: Scroll            ||     4
         Potion            ||     1
 Armour: Leather armour    ||    14
  Dodge: Dodged            ||    20

Table legend:
 A = Non-vault XP
 B = Vault XP
 C = Vault XP percentage of total XP
 D = Non-vault monster count
 E = Vault monster count
 F = Vault count percentage of total count
                 A         B        C        D         E       F
            +---------+---------+-------+---------+---------+-------
      Total |      42 |       8 |  16.0 |      26 |       4 |  13.3
            +---------+---------+-------+---------+---------+-------
        D:1 |      34 |       8 |  19.0 |      21 |       4 |  16.0
        D:2 |       8 |       0 |   0.0 |       5 |       0 |   0.0
            +---------+---------+-------+---------+---------+-------
